 Dungeon Crawl Stone Soup version 0.30-a0-996-ga6910c8ee8 (webtiles) character file.

Game seed: 1500013740921384440

291 CornPuffBuddha the Skirmisher (level 6, 0/44 (51) HPs)
             Began as a Gnoll Hunter on Apr 4, 2023.
             Slain by a wight
             ... wielding a +0 dire flail
              (4 damage)
             ... on level 4 of the Dungeon.
             The game lasted 00:07:53 (2986 turns).

CornPuffBuddha the Skirmisher (Gnoll Hunter)        Turns: 2986, Time: 00:07:54

HP:   0/44 (51)     AC:  5    Str: 11    XL:     6   Next: 32%
MP:   9/9           EV: 14    Int:  8    God:
Gold: 171           SH:  0    Dex: 17    Spells: 9/9 levels left

rFire   . . .      SeeInvis .    a - +0 shortbow
rCold   . . .      Faith    .    (shield currently unavailable)
rNeg    . . .      Spirit   .    c - +0 leather armour
rPois   .          Reflect  .    (no helmet)
rElec   .          Rampage  .    s - +0 cloak
rCorr   .                        i - +0 pair of gloves
Will    .....                    (no boots)
Stlth   ++                       (no amulet)
HPRegen 0.27/turn                (no ring)
MPRegen 0.11/turn                (no ring)

@: hasted, heavily drained, very quick
A: fangs 1, strong nose, distributed training
a: no special abilities


You were on level 4 of the Dungeon.
You visited 1 branch of the dungeon, and saw 4 of its levels.

You collected 171 gold pieces.

Inventory:

Hand Weapons
 a - a +0 shortbow (weapon)
 h - a +1 short sword of protection
Missiles
 f - 5 curare-tipped darts
 n - 2 throwing nets
Armour
 c - a +0 leather armour (worn)
 g - a +0 chain mail
 i - a +0 pair of gloves (worn)
 s - a +0 cloak (worn)
Jewellery
 q - a ring of resist corrosion
Scrolls
 b - 3 scrolls of immolation
 d - a scroll of identify
 j - a scroll of poison
 l - a scroll of enchant weapon
 m - 3 scrolls of noise
Potions
 e - a potion of haste
 o - a potion of brilliance


   Skills:
 + Level 5.0 Fighting
 + Level 2.0 Short Blades
 + Level 2.0 Long Blades
 + Level 2.0 Axes
 + Level 2.0 Maces & Flails
 + Level 2.0 Polearms
 + Level 2.0 Staves
 + Level 8.7 Ranged Weapons
 + Level 2.0 Throwing
 + Level 2.0 Armour
 + Level 5.0 Dodging
 + Level 3.1 Stealth
 + Level 2.0 Shields
 + Level 2.0 Unarmed Combat
 + Level 2.0 Spellcasting
 + Level 1.5 Conjurations
 + Level 1.5 Hexes
 + Level 1.5 Summonings
 + Level 1.5 Necromancy
 + Level 1.5 Translocations
 + Level 1.5 Transmutations
 + Level 1.5 Fire Magic
 + Level 1.5 Ice Magic
 + Level 1.5 Air Magic
 + Level 1.5 Earth Magic
 + Level 1.5 Poison Magic
 + Level 2.2 Invocations
 + Level 2.0 Evocations


You had 9 spell levels left.
You didn't know any spells.
Your spell library contained the following spells:

 Spells                   Type           Power      Damage    Failure   Level
 Beastly Appendage        Tmut           6%         N/A       24%         1
 Kiss of Death            Conj/Necr      12%        2d6       24%         1
 Ensorcelled Hibernation  Hex/Ice        6%         N/A       36%         2
 Wereblood                Tmut           3%         N/A       36%         2
 Confusing Touch          Hex            3%         N/A       58%         3
 Spider Form              Tmut/Pois      3%         N/A       58%         3
 Anguish                  Hex/Necr       1%         N/A       94%         4
 Dispel Undead            Necr           3%         3d7       94%         4


Dungeon Overview and Level Annotations

Branches:
Dungeon (4/15)
 Temple: D:4-7

Altars:
Ashenzari
Dithmenos
Gozag
Hepliaklqana
Ru
Wu Jian

Annotations:
D:2 1 runed translucent door, Crazy Yiuf


Innate Abilities, Weirdness & Mutations

You have very sharp teeth.
Your uncanny sense of smell can sniff out nearby items.
Your experience applies equally to all skills.


Message History

The wight hits you with a +0 quarterstaff.
You feel drained. The wight closely misses you.
You shoot an arrow. The arrow barely misses the wight.
The wight hits you with a +0 quarterstaff!
You shoot an arrow. The arrow hits the wight.
The wight is severely damaged.
The wight hits you with a +0 quarterstaff!
You feel drained.
A wight comes into view. It is wielding a +0 dire flail.
You are too injured to fight recklessly!
You are too injured to fight recklessly!
Okay, then.
Fire: a) +0 shortbow
Press: ? - help, Q - select action, (/) - cycle Shift-Dir - straight line, f/p - wight
Aim: a wight, wielding a +0 quarterstaff and wearing a +0 robe (severely damaged, 66% to hit)
You shoot an arrow. The arrow barely misses the wight.
The wight barely misses you.
Okay, then.
As you read the scroll labelled ZUWIUQ NINKYABU, it crumbles to dust.
It is a scroll of amnesia.
You feel forgetful for a moment. The wight barely misses you.
As you read the scroll labelled LUACSU YMEWK, it crumbles to dust.
Magic quickly surges around you.
It was a scroll of vulnerability.
The wight hits you with a +0 quarterstaff.
* * * LOW HITPOINT WARNING * * *
You feel drained.
* * * LOW HITPOINT WARNING * * *
The wight throws a stone.
The stone completely misses you.
Your magical effects are unravelling.
You feel magically purged.
You feel your willpower return.
The wight hits you with a +0 quarterstaff.
* * * LOW HITPOINT WARNING * * *
You feel yourself speed up.
The wight hits you with a +0 quarterstaff.
* * * LOW HITPOINT WARNING * * *
You feel drained.
* * * LOW HITPOINT WARNING * * *
The wight hits you with a +0 dire flail.
You die...

# # . .. ##. .# #< ..
... #.# .###
##.##.##†.. ∆
#.....z..# ∆
#.....z@##########
#................####
#.......###.........#
####...###..####....#
#........## #....####
#.#.......# #........
#[###.##..# #........
#...#.....# #........
###.#####.###......<.


You could see 2 wights.

Vanquished Creatures
  Sigmund (D:3)
  Terence (D:2)
  4 adders
  3 worms (D:2)
  2 dart slugs (D:1)
  4 endoplasms
  A giant cockroach (D:1)
  3 goblins
  6 hobgoblins
  9 jackals
  4 quokkas
  3 ball pythons (D:1)
  2 bats
  3 frilled lizards
  5 kobolds
  7 rats
58 creatures vanquished.

Notes
Turn   | Place    | Note
-------+----------+-------------------------------------------
     0 | D:1      | CornPuffBuddha the Gnoll Hunter began the quest for the
                  | Orb.
     0 | D:1      | Reached XP level 1. HP: 20/20 MP: 1/1
   191 | D:1      | Reached XP level 2. HP: 26/26 MP: 2/2
   370 | D:1      | Reached XP level 3. HP: 31/31 MP: 3/3
   497 | D:1      | Reached skill level 1 in Invocations
  1131 | D:2      | Reached skill level 1 in Short Blades
  1131 | D:2      | Reached skill level 1 in Long Blades
  1131 | D:2      | Reached skill level 1 in Axes
  1131 | D:2      | Reached skill level 1 in Maces & Flails
  1131 | D:2      | Reached skill level 1 in Polearms
  1131 | D:2      | Reached skill level 1 in Staves
  1131 | D:2      | Reached skill level 1 in Throwing
  1131 | D:2      | Reached skill level 1 in Armour
  1131 | D:2      | Reached skill level 1 in Shields
  1131 | D:2      | Reached skill level 1 in Unarmed Combat
  1131 | D:2      | Reached skill level 1 in Spellcasting
  1131 | D:2      | Reached skill level 1 in Evocations
  1255 | D:2      | Noticed Terence
  1457 | D:2      | Reached XP level 4. HP: 38/38 MP: 5/5
  1574 | D:2      | Found a runed translucent door.
  1575 | D:2      | Noticed Crazy Yiuf
  1705 | D:2      | Found a broken altar of Ashenzari.
  1715 | D:2      | Reached skill level 1 in Conjurations
  1715 | D:2      | Reached skill level 1 in Hexes
  1715 | D:2      | Reached skill level 1 in Summonings
  1715 | D:2      | Reached skill level 1 in Necromancy
  1715 | D:2      | Reached skill level 1 in Translocations
  1715 | D:2      | Reached skill level 1 in Transmutations
  1715 | D:2      | Reached skill level 1 in Fire Magic
  1715 | D:2      | Reached skill level 1 in Ice Magic
  1715 | D:2      | Reached skill level 1 in Air Magic
  1715 | D:2      | Reached skill level 1 in Earth Magic
  1715 | D:2      | Reached skill level 1 in Poison Magic
  2062 | D:2      | Killed Terence
  2212 | D:3      | Noticed Sigmund
  2225 | D:3      | Killed Sigmund
  2226 | D:3      | Reached skill level 5 in Fighting
  2226 | D:3      | Reached skill level 5 in Dodging
  2226 | D:3      | Reached XP level 5. HP: 21/44 MP: 7/7
  2226 | D:3      | Reached XP level 6. HP: 25/51 MP: 8/8
  2479 | D:3      | Found a sacrificial altar of Ru.
  2480 | D:3      | Found an ornate altar of the Wu Jian Council.
  2481 | D:3      | Found a hazy altar of Hepliaklqana.
  2482 | D:3      | Found an opulent altar of Gozag.
  2490 | D:3      | Found a shadowy altar of Dithmenos.
  2491 | D:3      | Found a broken altar of Ashenzari.
  2986 | D:4      | Slain by a wight

Illustrated notes

Levels and vault maps discovered:
D:1:      evilmike_arrival_fibonacci_small, layout_basic, roderic_roman_lattice,
          minmay_close_crescents
D:2:      layout_basic, basic_altar, nrook_loot_triangle,
          uniq_crazy_yiuf_cottage, uniq_terence
D:3:      layout_loops_ring, grunt_temple_overflow_open, kennysheep_crisscross,
          uniq_sigmund
D:4:      layout_basic, serial_park_tiny_1, minmay_puff

Skill      XL: |  1  2  3  4  5  6 |
---------------+-------------------+-----
Invocations    | 1 2 |  2.2
Short Blades   | 1 2 |  2.0
Long Blades    | 1 2 |  2.0
Axes           | 1 2 |  2.0
Maces & Flails | 1 2 |  2.0
Polearms       | 1 2 |  2.0
Staves         | 1 2 |  2.0
Throwing       | 1 2 |  2.0
Armour         | 1 2 |  2.0
Shields        | 1 2 |  2.0
Unarmed Combat | 1 2 |  2.0
Spellcasting   | 1 2 |  2.0
Evocations     | 1 2 |  2.0
Conjurations   | 1 |  1.5
Hexes          | 1 |  1.5
Summonings     | 1 |  1.5
Necromancy     | 1 |  1.5
Translocations | 1 |  1.5
Transmutations | 1 |  1.5
Fire Magic     | 1 |  1.5
Ice Magic      | 1 |  1.5
Air Magic      | 1 |  1.5
Earth Magic    | 1 |  1.5
Poison Magic   | 1 |  1.5
Fighting       | 5 |  5.0
Dodging        | 5 |  5.0
Stealth        | 3 |  3.1
Ranged Weapons | |  8.7

Action                     |  1- 3 |  4- 6 || total
---------------------------+-------+-------++-------
   Fire: Shortbow          |   108 |    92 ||   200
    Use: Scroll            |     2 |     7 ||     9
         Potion            |     2 |     2 ||     4
 Armour: Leather armour    |     4 |     6 ||    10
  Dodge: Dodged            |    18 |    27 ||    45

Table legend: (Time is in decaauts)
 A = Elapsed time spent in this place.
 B = Non-inter-level travel time spent in this place.
 C = Inter-level travel time spent in this place.
 D = Time resting spent in this place.
 E = Time spent auto-exploring this place.
 F = Levels seen in this place.
 G = Mean time per level.
                   A        B        C        D        E       F      G
               +--------+--------+--------+--------+--------+-----+--------+
         Total |   3008 |   2845 |    163 |    175 |   2073 |   4 |  752.0 |
       Dungeon |   3008 |   2845 |    163 |    175 |   2073 |   4 |  752.0 |
               +--------+--------+--------+--------+--------+-----+--------+

Top non-repeatable levels by time:
     D:1: 1181 daAuts
     D:2: 962 daAuts
     D:3: 758 daAuts
     D:4: 105 daAuts
